 Dungeon Crawl Stone Soup version 0.31-a0-486-g8d68a81214 (webtiles) character file.

Game seed: 3445371283001059450

191 AstroCodex24 the Chopper (level 5, 0/45 HPs)
             Began as a Demigod Fighter on Aug 7, 2023.
             Succumbed to an adder's poison
             ... on level 5 of the Dungeon.
             The game lasted 00:03:46 (846 turns).

AstroCodex24 the Chopper (Demigod Fighter)           Turns: 846, Time: 00:03:47

Health: 0/45       AC: 12    Str: 21    XL:     5   Next: 18%
Magic:  7/7        EV:  9    Int: 10    God:
Gold:   11         SH:  4    Dex: 13    Spells: 4/4 levels left

rFire   . . .        a - +0 war axe
rCold   . . .        c - +0 buckler
rNeg    . . .        b - +0 scale mail
rPois   .            (no helmet)
rElec   .            (no cloak)
rCorr   .            k - +0 pair of gloves
SInv    .            (no boots)
Will    .....        (no amulet) Stlth
                     i - +4 ring of protection
HPRegen 0.27/turn    (no ring)
MPRegen 0.10/turn

%: no passive effects
@: lethally poisoned (0 -> -8)
A: high MP 1, forlorn, divine attributes
a: no special abilities


You were on level 5 of the Dungeon.
You visited 1 branch of the dungeon, and saw 5 of its levels.

You collected 11 gold pieces.

Inventory:

Hand Weapons
 a - a +0 war axe (weapon)
Armour
 b - a +0 scale mail (worn)
 c - a +0 buckler (worn)
 k - a +0 pair of gloves (worn)
Jewellery
 i - a +4 ring of protection (left hand)
Scrolls
 f - a scroll of blinking {unknown}
 g - a scroll of enchant weapon {unknown}
 h - 2 scrolls of identify {unknown}
 j - a scroll of poison {unknown}
Potions
 d - 2 potions of might
 e - a potion of mutation {unknown}
 l - a potion of berserk rage {unknown}


   Skills:
 + Level 3.3 Fighting
 + Level 3.7 Axes
 + Level 3.3 Armour
 + Level 1.1 Dodging
 + Level 0.1 Stealth
 + Level 3.0 Shields


You had 4 spell levels left.
You didn't know any spells.
Your spell library was empty.

Dungeon Overview and Level Annotations

Branches:
Dungeon (5/15)
 Temple: D:4-7


Innate Abilities, Weirdness & Mutations

You have an increased reservoir of magic. (+10% MP)
You shall have no god before yourself.
Your divine heritage dramatically boosts your attributes as you level up.


Message History

The black bear is moderately wounded.
You block the black bear's attack. The black bear barely misses you.
The black bear closely misses you.
You barely miss the black bear.
The black bear is moderately wounded.
The black bear closely misses you.
The black bear claws you but does no damage. x2
The black bear bites you.
The black bear claws you but does no damage.
The black bear closely misses you.
You hit the black bear but do no damage.
The black bear is moderately wounded.
The black bear barely misses you.
The black bear claws you but does no damage.
The black bear claws you.
You barely miss the black bear.
The black bear is moderately wounded.
The black bear bites you!
* * * LOW HITPOINT WARNING * * *
The black bear claws you but does no damage. x2
You slash the black bear!
The black bear is severely wounded.
The black bear goes berserk!
The black bear barely misses you.
The black bear claws you but does no damage.
The black bear closely misses you.
You slash the black bear!
You kill the black bear!
The adder bites you.
* * * LOW HITPOINT WARNING * * *
You are poisoned.
The adder poisons you!
Your Dodging skill increases to level 1!
Your Shields skill increases to level 3!
You have reached level 5!
You miss the adder.
You feel sick. The adder bites you.
* * * LOW HITPOINT WARNING * * *
You are lethally poisoned!
The adder poisons you! The adder barely misses you.
You miss the adder.
You die...

#.# #.# ##
#.######.#
#........#
#.########
#.#
######.###
#........#
#.####.#.#
#@#.# #S#
# ...
#....
.....#
#......
#.##...#
#.# ...#


You could see an adder.

Vanquished Creatures
  A black bear (D:5)
  A scorpion (D:5)
  2 adders
  A white imp (D:5)
  A dart slug (D:1)
  4 bats (D:1)
  An endoplasm (D:1)
  A giant cockroach (D:3)
  A goblin (D:2)
  2 hobgoblins (D:1)
  3 jackals (D:2)
  A ball python (D:1)
  3 kobolds (D:1)
22 creatures vanquished.

Notes
Turn   | Place    | Note
-------+----------+-------------------------------------------
     0 | D:1      | AstroCodex24 the Demigod Fighter began the quest for the
                  | Orb.
     0 | D:1      | Reached XP level 1. HP: 18/18 MP: 3/3
   238 | D:1      | Reached XP level 2. HP: 23/26 MP: 4/4
   469 | D:5      | Entered Level 5 of the Dungeon
   498 | D:5      | Reached XP level 3. HP: 24/31 MP: 5/5
   659 | D:5      | Noticed a scorpion
   674 | D:5      | Killed a scorpion
   675 | D:5      | Reached XP level 4. HP: 17/38 MP: 6/6
   827 | D:5      | Noticed a black bear
   844 | D:5      | Killed a black bear
   845 | D:5      | Reached skill level 1 in Dodging
   845 | D:5      | Reached XP level 5. HP: 8/45 MP: 7/7
   846 | D:5      | Succumbed to an adder's poison

Illustrated notes

Levels and vault maps discovered:
D:1:      scummos_arrival_forest, layout_rooms
D:2:      minmay_kobold_bridge, layout_rooms
D:3:      layout_loops_ring
D:4:      kennysheep_kobold_camp, layout_loops_ring,
          nicolae_qazlal_style_of_elements, uniq_crazy_yiuf_cottage,
          uniq_eustachio, uniq_ijyb
D:5:      layout_loops_corners, nicolae_hepliaklqana_hippocampus,
          lemuel_crystal_altar, minmay_temple_entry_stoned_glass

Skill      XL: |  1  2  3  4 |
---------------+-------------+-----
Fighting       | 3 |  3.3
Axes           | 2 3 |  3.7
Armour         | 3 |  3.3
Dodging        | 1 |  1.1
Shields        | 3 |  3.0
Stealth        | |  0.1

Action                     |  1- 3 |  4- 6 || total
---------------------------+-------+-------++-------
  Melee: War axe           |    74 |    22 ||    96
 Armour: Scale mail        |    49 |    24 ||    73
  Dodge: Dodged            |    55 |    21 ||    76
  Block: Buckler           |    23 |     5 ||    28

Table legend: (Time is in decaauts)
 A = Elapsed time spent in this place.
 B = Non-inter-level travel time spent in this place.
 C = Inter-level travel time spent in this place.
 D = Time resting spent in this place.
 E = Time spent auto-exploring this place.
 F = Levels seen in this place.
 G = Mean time per level.
                   A        B        C        D        E       F      G
               +--------+--------+--------+--------+--------+-----+--------+
         Total |    886 |    886 |      0 |      0 |      0 |   5 |  177.2 |
       Dungeon |    886 |    886 |      0 |      0 |      0 |   5 |  177.2 |
               +--------+--------+--------+--------+--------+-----+--------+

Top non-repeatable levels by time:
     D:5: 391 daAuts
     D:1: 361 daAuts
     D:3: 67 daAuts
     D:2: 55 daAuts
     D:4: 10 daAuts
